 Dungeon Crawl Stone Soup version 0.14-a0-1817-gb992dfe (webtiles) character file.

59 Piginabag the Caller (level 3, 0/14 HPs)
             Began as a Felid Summoner on Jan 10, 2014.
             Killed from afar by an orc wizard (8 damage)
             ... with a magic dart
             ... on Level 3 of the Dungeon.
             The game lasted 00:06:28 (3247 turns).

Piginabag the Caller (Felid Summoner)               Turns: 3247, Time: 00:06:29

HP   0/14        AC  1     Str  4      XL: 3   Next: 71%
MP   2/8         EV 18     Int 16      God:
Gold 3           SH  0     Dex 17      Spells:  1 memorised,  5 levels left
Lives: 0, deaths: 0

rFire  . . .     SeeInvis +     (weapon unavailable)
rCold  . . .     Clarity  .     (armour unavailable)
rNeg   . . .     Conserve .     (shield unavailable)
rPois  .         rCorr    .     (helmet unavailable)
rElec  .         rRot     .     (cloak unavailable)
SustAb . .       Spirit   .     (gloves unavailable)
rMut   .         Warding  .     (boots unavailable)
Saprov . . .     Stasis   .     (no amulet)
                                (no ring)
                                (no ring)

@: very slightly contaminated, quick, slightly resistant to hostile
enchantments, quite stealthy
A: paw claws, no armour, no advanced items, fangs 3, see invisible, carnivore 3,
speed 1, shaggy fur 1, slow metabolism 1, jump 1
a: Jump Attack


You were on level 3 of the Dungeon.
You were not hungry.

You visited 1 branch of the dungeon, and saw 3 of its levels.

You collected 3 gold pieces.

Inventory:

Comestibles
 c - a meat ration
 n - a rotting chunk of hobgoblin flesh
 o - a rotting chunk of adder flesh
Scrolls
 a - 3 scrolls of remove curse {unknown}
 d - 3 scrolls of teleportation {unknown}
 g - a scroll of noise {unknown}
 i - a scroll of curse weapon {unknown}
 k - a scroll of identify {unknown}
 l - a scroll of fear {unknown}
Jewellery
 e - an uncursed amulet of guardian spirit {unknown}
 p - a +5 ring of dexterity {unknown}
Potions
 f - a potion of curing
 h - a potion of speed {unknown}
 j - a potion of cure mutation {unknown}
 m - a potion of invisibility {unknown}
Books
 b - a book of Callings

   Spells                             Type                      Level
   *Summon Small Mammal               Summoning                    1
   Call Imp                           Summoning                    2
   Call Canine Familiar               Summoning                    3
   Summon Scorpions                   Summoning/Poison             4
   Summon Ice Beast                   Ice/Summoning                4


   Skills:
 + Level 3.3 Dodging
 + Level 3.2 Stealth
 + Level 0.8 Unarmed Combat
 + Level 2.3 Spellcasting
 + Level 4.6 Summonings


You had 5 spell levels left.
You knew the following spells:

 Your Spells              Type           Power        Failure   Level  Hunger
a - Summon Small Mammal   Summ           ###.         3%          1    #......


Dungeon Overview and Level Annotations

Branches:
Dungeon (3/16)

Altars:
Ashenzari
Cheibriados
Nemelex Xobeh


Innate Abilities, Weirdness & Mutations

You cannot wear armour.
You are incapable of any advanced item manipulation.
Your paws have sharp claws.
You have razor-sharp teeth.
You have supernaturally acute eyesight.
You are carnivorous and can eat meat at any time.
You cover ground quickly.
You are covered in fur (AC +1).
You have a slow metabolism.
You can jump attack at a short distance.


Message History

Press: ? - help, Dir - move target cursor, f - orc wizard
Aim: an orc wizard, wielding an orcish dagger and wearing an orcish robe (moving very quickly) Attack!
Your bat misses the orc wizard.
Your bat hits the orc wizard but does no damage.
The orc wizard unwields an uncursed orcish dagger.
The orc wizard drops an uncursed orcish dagger.
The orc wizard picks up an orcish hand axe.
The orc wizard wields an orcish hand axe.
Your bat closely misses the orc wizard.
Your bat barely misses the orc wizard.
The orc wizard hits something with an orcish hand axe.
The orc wizard barely misses your bat.
Your bat closely misses the orc wizard.
Your bat hits the orc wizard. Your rat misses the orc wizard.
The orc wizard mumbles some strange words.
The orc wizard blinks!
You feel less exhausted.
The orc wizard gestures at you while chanting.
The magic dart hits you!
Ouch! That really hurt!
You die...

#.....# #...# o #.....#
##.## ###o ####..# #.#
..o.o #######..# #.#
!....S #....##..#####..
... .(.....
#................ .$.....
#brĀ§.##.[#####.. .......
#..#.#########
.......%####o)#.@........
............(b#.####.####
........#######o# .......
#.# ######. #.# #. #.. #.
#.# #. #.# #. .


You could see an orc wizard and a friendly rat.

Vanquished Creatures
  2 adders (D:3)
  A worm (D:2)
  An orc (D:3)
  3 giant cockroaches
  3 hobgoblins
  3 kobolds
  A quokka (D:2)
  A ball python (D:1)
  5 bats
  A giant gecko (D:2)
  4 rats
25 creatures vanquished.

Vanquished Creatures (collateral kills)
  2 giant geckos (D:1)
  An orc (D:3)
  2 giant cockroaches
  3 hobgoblins (D:1)
  2 jackals (D:2)
  A quokka (D:2)
  A giant newt (D:2)
  2 goblins (D:1)
  2 rats (D:1)
16 creatures vanquished.

Vanquished Creatures (others)
  2 grey rats (D:3)
  6 quokkas
  6 bats
  4 rats
18 creatures vanquished.

Grand Total: 59 creatures vanquished

Notes
Turn   | Place    | Note
--------------------------------------------------------------
     0 | D:1      | Piginabag, the Felid Summoner, began the quest for the Orb.
     0 | D:1      | Reached XP level 1. HP: 7/7 MP: 4/4
   384 | D:1      | Found a snail-covered altar of Cheibriados.
   814 | D:1      | Reached XP level 2. HP: 9/11 MP: 1/5
  1375 | D:2      | Found a shattered altar of Ashenzari.
  2102 | D:2      | Found a sparkling altar of Nemelex Xobeh.
  2359 | D:1      | Reached XP level 3. HP: 3/14 MP: 4/8
  3247 | D:3      | Killed from afar by an orc wizard

Action                   || total
-------------------------++-------
Melee: Unarmed           ||   122
 Cast: Summon Small Mamm ||    76
 Abil: Jump Attack       ||     2
  Use: Potion            ||     1
 Stab: Sleeping          ||     5
       Distracted        ||     2
